 Dungeon Crawl Stone Soup version 0.29-a0-284-gf9362112df (console) character file.

Game seed: 17015798710780694573

38082 jejorda2 the Fighter (level 14, 0/120 HPs)
             Began as a Merfolk Berserker on Mar 26, 2022.
             Was an Elder of Trog.
             Slain by a wolf (9 damage)
             ... on level 5 of the Lair of Beasts.
             The game lasted 00:50:47 (21553 turns).

jejorda2 the Fighter (Merfolk Berserker)           Turns: 21553, Time: 00:50:48

Health: 0/120      AC: 19    Str: 19 (20) XL:     14   Next: 0%
Magic:  14/14      EV:  9    Int:  7 (9)  God:    Trog [****..]
Gold:   936        SH:  6    Dex: 15 (18) Spells: 13/13 levels left

rFire   . . .      SeeInvis .   a - +3 scimitar (flame)
rCold   + . .      Faith    +   v - +0 buckler
rNeg    . . .      Spirit   .   y - +1 chain mail {Will+}
rPois   .          Reflect  .   L - +0 helmet
rElec   .          Harm     .   (no cloak)
rCorr   .          Rampage  .   N - +0 pair of gloves {Str+3}
Will    ++...                   (no boots)
Stlth   ..........              u - amulet of faith
HPRegen 0.30/turn               d - ring of protection from cold
MPRegen 0.14/turn               c - +4 ring of protection

@: studying Shields
A: (nimble swimmer 2), mertail, claws 1, iridescent scales 1, clever 1, wild
magic 1
a: Renounce Religion, Berserk, Trog's Hand, Brothers in Arms


You were on level 5 of the Lair of Beasts.
You worshipped Trog.
Trog was greatly pleased with you.
You visited 2 branches of the dungeon, and saw 15 of its levels.
You also visited: Bailey.

You collected 936 gold pieces.

Inventory:

Hand Weapons
 a - a +3 scimitar of flaming (weapon)
 G - a +2 antimagic short sword
 I - the +11 spear of Rojixt {speed, rF- rCorr Int-4 SInv}
   (You found it on level 1 of the Lair of Beasts)

   Attacks with this weapon are significantly faster.
   Int:       It affects your intelligence (-4).
   rF:        It makes you vulnerable to fire.
   SInv:      It lets you see invisible.
   rCorr:     It protects you from acid and corrosion.
Missiles
 b - 9 atropa-tipped darts
 i - 20 poisoned darts
 s - 456 stones (quivered)
 z - a throwing net
 B - 14 boomerangs
 D - 13 curare-tipped darts
 E - 4 datura-tipped darts
 K - 4 javelins
Armour
 v - a +0 buckler (worn)
 y - a +1 chain mail of willpower (worn)
 L - a +0 helmet (worn)
 N - a +0 pair of gloves of strength (worn)
Jewellery
 c - a +4 ring of protection (right hand)
 d - a ring of protection from cold (left hand)
 o - a ring of ice
 u - an amulet of faith (around neck)
 J - a ring of protection from fire
Wands
 l - a wand of iceblast (22)
 n - a wand of acid (10)
 M - a wand of flame (10)
Scrolls
 e - 3 scrolls of blinking
 h - 8 scrolls of teleportation
 q - a scroll of immolation {unknown}
 r - 3 scrolls of amnesia {unknown}
 x - 3 scrolls of enchant armour {unknown}
 F - a scroll of brand weapon {unknown}
 H - 2 scrolls of fog
 O - a scroll of fear {unknown}
Potions
 f - 2 potions of lignification
 g - a potion of ambrosia
 j - 2 potions of attraction
 k - 4 potions of haste
 m - 5 potions of curing
 p - 4 potions of might
 w - 2 potions of magic
 A - 3 potions of degeneration


   Skills:
 - Level 14.0 Fighting
 - Level 8.3(11.7) Short Blades
 - Level 13.0(14.0) Long Blades
 + Level 11.6 Throwing
 + Level 5.5 Armour
 - Level 6.0 Dodging
 - Level 4.0 Stealth
 - Level 9.8 Shields


You had 13 spell levels left.
You didn't know any spells.
Your spell library was empty.

Dungeon Overview and Level Annotations

Branches:
Dungeon (10/15)            Temple (0/1) D:6            Lair (5/6) D:10
 Shoals (0/4) Lair:4        Snake (0/4) Lair:2        Slime (0/5) Lair:5
 Bailey (visited)
    Orc: D:9-12

Altars:
Ashenzari
Cheibriados
Kikubaaqudgha
Makhleb
Nemelex Xobeh
Ru
Sif Muna
Uskayaw
Wu Jian
The Shining One

Shops:
D:4 :

Annotations:
D:3 2 transporters, n8rtot's ghost, amateur OpBr
Lair:5 5 exclusions


Innate Abilities, Weirdness & Mutations

((You are very nimble when in or above water. (Stealth+, EV+, Speed+++)))
Your lower body shifts to a powerful aquatic tail in water.
You have sharp fingernails.
You are partially covered in iridescent scales. (AC +2)
Your mind is acute. (Int +2)
Your spells are a little harder to cast, but a little more powerful.


Message History

Throw: 21 darts (poison)
Press: ? - help, Shift-Dir - straight line, f/p - wolf
Aim: a wolf (very poisoned, 57% to hit)
You throw a poisoned dart.
The poisoned dart closely misses the wolf.
The wolf howls!
You slash the wolf! You burn the wolf.
The wolf is severely wounded.
You block the wolf's attack.
You closely miss the wolf.
The wolf is severely wounded.
You start to feel less resistant.
The wolf bites you but does no damage. You block the wolf's attack.
You closely miss the wolf.
The wolf is severely wounded.
The wolf pauses to sniff the ground.
You block the wolf's attack.
You miss the wolf.
The wolf is severely wounded.
You block the wolf's attack.
You miss the wolf.
The wolf is almost dead.
The wolf bites you.
* * * LOW HITPOINT WARNING * * *
The wolf bites you.
* * * LOW HITPOINT WARNING * * *
You slash the wolf! You burn the wolf.
You kill the wolf!
Trog accepts your kill. The wolf bites you!
* * * LOW HITPOINT WARNING * * *
You barely miss the wolf. The wolf closely misses you.
You hit the wolf. You burn the wolf.
The wolf is moderately wounded.
Your resistance to elements expires.
The wolf bites you.
* * * LOW HITPOINT WARNING * * *
A wolf comes into view.
The wolf bites you!
You die...

,,,*,*,*,*,*#.♣..........:,,,,,,,
,,,**,*,*####.......h.....,,,,,,*
,,**,*,*,#P...............,,,,**,
,,*******#.....♣.(........,,,,,**
,,,,,* *.#.....♣(........,**,**
,,,,,****#....†....♣.....♣*****
,,,,,,,,*..P....(..♣,.....*
*,,*,*,,,.....†h†#.......#*
,,,***,,,......#@##.#.####
,,,,,,,,,.....####*##*#
*,,,,,,,,.....* **,******P.##**
*** *#**


You could see 2 wolves.

Vanquished Creatures
  Gastronok (Lair:2)
  2 hydras (Lair:4)
  Erica (D:8)
  A two-headed ogre (D:9)
  4 death yaks (Lair:3)
  The ghost of Asuyte the Slicer, a journeyman VSVM of Cheibriados (Lair:3)
  Amaemon (D:8)
  Pikel (D:8)
  2 oklob plants
  A gargoyle (D:10)
  6 black mambas
  6 cane toads
  3 komodo dragons
  A torpor snail (Lair:3)
  4 rime drakes
  Psyche (D:7)
  4 trolls (D:9)
  2 polar bears
  4 dream sheep (Lair:3)
  A snapping turtle (Lair:4)
  11 blink frogs
  2 wyverns
  Sigmund (D:5)
  A vampire (D:10)
  50 yaks
  3 basilisks
  A steam dragon (D:9)
  An acid dragon (D:8)
  9 water moccasins
  7 orc warriors
  2 sky beasts (D:7)
  3 black bears
  2 ogres
  14 wolves
  A phantom (D:5)
  3 centaurs
  11 bullfrogs
  7 kobold brigands (Bailey)
  3 necrophages
  A gnoll sergeant (D:10)
  4 scorpions
  5 wights (D:8)
  8 killer bees
  An electric eel (Lair:1)
  A howler monkey (D:5)
  5 orc priests
  A hound (D:4)
  4 jellies
  A gnoll shaman (D:8)
  2 iguanas
  8 orc wizards
  7 gnolls
  13 adders
  3 river rats (Lair:3)
  2 white imps (D:6)
  2 worms (D:3)
  6 dart slugs
  30 orcs
  11 ball pythons
  9 endoplasms
  A giant cockroach (D:1)
  5 goblins
  10 hobgoblins
  5 jackals
  10 kobolds
  5 quokkas
  6 bats
  3 frilled lizards (D:1)
  3 rats
351 creatures vanquished.

Vanquished Creatures (collateral kills)
  2 hydras (Lair:3)
  2 death yaks (Lair:3)
  A black mamba (Lair:5)
  An orange demon (D:8)
  14 wolves (Lair:5)
  A bullfrog (Lair:5)
21 creatures vanquished.

Vanquished Creatures (others)
  An orc wizard (D:5)
  22 fungi
  11 plants
34 creatures vanquished.

Grand Total: 406 creatures vanquished

Notes
Turn   | Place    | Note
-------+----------+-------------------------------------------
     0 | D:1      | jejorda2 the Merfolk Berserker began the quest for the Orb.
     0 | D:1      | Reached XP level 1. HP: 18/18 MP: 1/1
   251 | D:1      | Reached XP level 2. HP: 24/24 MP: 2/2
   620 | D:1      | Reached XP level 3. HP: 26/29 MP: 3/3
   889 | D:1      | Reached ** piety under Trog
  1032 | D:1      | Found a faded altar of an unknown god.
  1800 | D:2      | Found an ornate altar of the Wu Jian Council.
  1925 | D:2      | Reached XP level 4. HP: 34/37 MP: 4/4
  2423 | D:3      | Found a hide-covered altar of Uskayaw.
  2528 | D:3      | Reached skill level 5 in Long Blades
  2675 | D:3      | Reached skill level 4 in Fighting
  2749 | D:3      | Reached XP level 5. HP: 27/42 MP: 5/5
  3272 | D:3      | Found a transporter.
  3272 | D:3      | Noticed n8rtot's ghost (amateur OpBr)
  3420 | D:3      | Found a transporter.
  3641 | D:4      | Reached XP level 6. HP: 39/49 MP: 6/6
  3710 | D:4      | Found a broken altar of Ashenzari.
  4008 | D:4      | Found Cukaufeh's Book Boutique.
  4086 | D:4      | Reached skill level 1 in Short Blades
  4652 | D:5      | Entered Level 5 of the Dungeon
  4658 | D:5      | Reached *** piety under Trog
  4724 | D:5      | Reached skill level 5 in Fighting
  4724 | D:5      | Reached XP level 7. HP: 47/56 MP: 7/7
  4741 | D:5      | Identified a scroll of acquirement
  4741 | D:5      | Acquired a manual of Shields
  5177 | D:5      | Noticed Sigmund
  5200 | D:5      | Killed Sigmund
  5253 | D:5      | Reached XP level 8. HP: 59/64 MP: 8/8
  5261 | D:5      | Reached skill level 5 in Short Blades
  5672 | D:5      | Found a sparkling altar of Nemelex Xobeh.
  5672 | D:5      | Found an ancient bone altar of Kikubaaqudgha.
  5684 | D:5      | Found a shimmering blue altar of Sif Muna.
  5703 | D:5      | Reached skill level 6 in Fighting
  5724 | D:5      | Found a glowing golden altar of the Shining One.
  5726 | D:5      | Found a sacrificial altar of Ru.
  5757 | D:6      | Found a staircase to the Ecumenical Temple.
  6093 | D:6      | Found a snail-covered altar of Cheibriados.
  6216 | D:6      | Reached XP level 9. HP: 59/69 MP: 9/9
  7116 | D:7      | Identified the +1 robe "Hoine" {*Slow rPois rF++ Slay+3}
  7666 | D:7      | Reached **** piety under Trog
  8071 | D:8      | Identified the +6 war axe "Jeteisk" {speed, Dex+3}
  8092 | D:8      | Reached skill level 1 in Shields
  8264 | D:8      | Reached skill level 5 in Armour
  8346 | D:8      | Noticed Erica
  8370 | D:8      | Killed Erica
  8371 | D:8      | Reached XP level 10. HP: 36/76 MP: 10/10
  8376 | D:8      | Reached skill level 10 in Long Blades
  8711 | D:8      | Noticed Pikel
  8722 | D:8      | Killed Pikel
  8800 | D:8      | Noticed Amaemon
  8800 | D:8      | Noticed an orange demon
  8820 | D:8      | Killed Amaemon
  8825 | D:8      | Killed an orange demon
  9061 | D:8      | Noticed Psyche
  9265 | D:7      | Killed Psyche
  9266 | D:7      | Reached skill level 5 in Dodging
  9461 | D:9      | Noticed a two-headed ogre
  9470 | D:9      | Killed a two-headed ogre
  9526 | D:8      | Reached XP level 11. HP: 49/81 MP: 11/11
 10333 | D:9      | Reached skill level 7 in Fighting
 10564 | D:9      | Reached skill level 8 in Fighting
 11244 | D:10     | Entered Level 10 of the Dungeon
 11326 | D:10     | Found a flagged portal.
 11335 | Bailey   | Entered a bailey
 11660 | Bailey   | Reached skill level 9 in Fighting
 11660 | Bailey   | Found an iron altar of Okawaru.
 11868 | D:10     | Reached skill level 1 in Throwing
 12419 | D:10     | Found a staircase to the Lair.
 12878 | Lair:1   | Entered Level 1 of the Lair of Beasts
 12933 | Lair:1   | Reached skill level 1 in Stealth
 12936 | Lair:1   | Reached ***** piety under Trog
 13313 | Lair:1   | Reached XP level 12. HP: 78/97 MP: 12/12
 13508 | Lair:1   | Reached skill level 5 in Throwing
 13918 | Lair:1   | Reached skill level 10 in Fighting
 14006 | Lair:1   | Identified the +11 spear of Rojixt {speed, rF- rCorr Int-4
                  | SInv}
 14813 | Lair:2   | Received a gift from Trog
 15146 | Lair:2   | Found a staircase to the Snake Pit.
 16023 | Lair:2   | Noticed Gastronok
 16039 | Lair:2   | Killed Gastronok
 16040 | Lair:2   | Reached skill level 11 in Fighting
 16952 | Lair:3   | Reached XP level 13. HP: 30/107 MP: 13/13
 16975 | Lair:3   | Reached skill level 12 in Fighting
 17423 | Lair:3   | Reached skill level 10 in Throwing
 17970 | Lair:3   | Found a runed translucent gate.
 17971 | Lair:3   | Found a runed translucent gate.
 17972 | Lair:3   | Found a runed translucent gate.
 17972 | Lair:3   | Noticed Asuyte's ghost (journeyman VSVM)
 18469 | Lair:3   | Reached skill level 13 in Fighting
 18975 | Lair:3   | Killed Asuyte's ghost
 18984 | Lair:3   | Identified the +4 broad axe of Res Nullius {venom, Will+}
 19934 | Lair:4   | Found a burning altar of Makhleb.
 21064 | Lair:4   | Found a staircase to the Shoals.
 21505 | Lair:5   | Gained mutation: Your spells are a little harder to cast,
                  | but a little more powerful. [potion of mutation]
 21505 | Lair:5   | Gained mutation: Your mind is acute. (Int +2) [potion of
                  | mutation]
 21505 | Lair:5   | Gained mutation: You are partially covered in iridescent
                  | scales. (AC +2) [potion of mutation]
 21505 | Lair:5   | Gained mutation: You have sharp fingernails. [potion of
                  | mutation]
 21516 | Lair:5   | Reached skill level 14 in Fighting
 21543 | Lair:5   | Reached XP level 14. HP: 23/120 MP: 14/14
 21553 | Lair:5   | Slain by a wolf

Illustrated notes

Levels and vault maps discovered:
D:1:      evilmike_arrival_crescent, layout_rooms,
          dreamdust_ecumenical_altar_angels_and_demons,
          chequers_serial_rivers_micro_a, st_stairs_12, minmay_nonomino_d4
D:2:      layout_loops_ring, basic_altar, nrook_mini_vaults,
          minmay_misc_feat_rugged, serial_park_tiny_2
D:3:      layout_basic, nicolae_overflow_hidden_temple, gammafunk_ghost_arena,
          minmay_snake_closets
D:4:      layout_basic, mainiacjoe_overflow_alcove_1, serial_shops, shop,
          kennysheep_another_room
D:5:      layout_basic, chequers_temple_overflow_minitemple, uniq_sigmund
D:6:      layout_cave_pools, kennysheep_slug_shrine,
          minmay_temple_entry_from_below_a
D:7:      layout_basic
D:8:      layout_rooms, hangedman_decor_growths, uniq_amaemon, uniq_psyche,
          uniq_erica, uniq_pikel
D:9:      lemuel_troll_bridge, layout_basic
D:10:     layout_stronghold, lair_entry_dummy, enter_bailey_2
Lair:1:   layout_layer_cave, infiniplex_staircase_pool, grunt_megastairs_3
Lair:2:   layout_cave_pods, minmay_snake_entry_six_corridors, uniq_gastronok
Lair:3:   layout_cave_pods, gammafunk_ghost_hydra_chop,
          chequers_serial_rivers_micro_e, pond
Lair:4:   layout_layer_cave, minmay_shoals_entry_hut,
          chequers_serial_rivers_marsh, lemuel_oklob_altar, serial_bayou_shore_a
Lair:5:   nzn_winding_woodlands_stair_trap [nzn_winding_woodlands_5x15_pockets,
          nzn_winding_woodlands_5x15_parted, nzn_winding_woodlands_5x15_pool,
          nzn_winding_woodlands_15x15_eel_pit,
          nzn_winding_woodlands_5x15_longhouse,
          nzn_winding_woodlands_5x15_split_checker,
          nzn_winding_woodlands_5x15_default], layout_loops_ring, slime_altar_1,
          portal_ice_cave_entry_imps, grunt_forest_large_clearings

Skill      XL: |  1  2  3  4  5  6  7  8  9 10 11 12 13 |
---------------+----------------------------------------+-----
Long Blades    | 4 5 6 7 8 9 13 | 13.0
Armour         | 2 3 4 5 |  5.5
Fighting       | 4 5 6 9 11 14 | 14.0
Short Blades   | 2 4 7 8 |  8.3
Shields        | 6 7 9 |  9.8
Dodging        | 6 |  6.0
Throwing       | 4 9 11 | 11.6
Stealth        | 2 4 |  4.0

Action                   |  1- 3 |  4- 6 |  7- 9 | 10-12 | 13-15 || total
-------------------------+-------+-------+-------+-------+-------++-------
Melee: Falchion          |   130 |     4 |       |       |       ||   134
       Punch             |     1 |     2 |     5 |     2 |       ||    10
       Long sword        |       |   116 |    16 |       |       ||   132
       Dagger            |       |    94 |   330 |   200 |       ||   624
       Tailslap          |       |       |     1 |       |     1 ||     2
       Scimitar          |       |       |       |   474 |   270 ||   744
Throw: Stone             |       |    14 |    46 |    94 |    29 ||   183
       Boomerang         |       |       |       |     2 |       ||     2
       Dart              |       |       |       |       |     8 ||     8
Invok: Berserk           |     2 |     3 |     4 |    11 |     6 ||    26
       Trog's Hand       |       |     1 |     2 |     4 |     3 ||    10
       Brothers in Arms  |       |       |       |     1 |     4 ||     5
Evoke: Wand              |       |       |       |       |     2 ||     2
  Use: Scroll            |       |     3 |    10 |     4 |     2 ||    19
       Potion            |       |       |       |       |     3 ||     3
 Stab: Sleeping          |     1 |       |       |       |       ||     1
       Distracted        |       |       |       |       |     1 ||     1
Armor: Animal skin       |     2 |       |       |       |       ||     2
       Leather armour    |    15 |       |       |       |       ||    15
       Ring mail         |    19 |       |       |       |       ||    19
       Scale mail        |       |    45 |       |       |       ||    45
       Chain mail        |       |    47 |   118 |   222 |   149 ||   536
Dodge: Dodged            |    84 |    90 |    87 |   193 |   112 ||   566
Block: Buckler           |       |       |       |   149 |   112 ||   261

Table legend: (Time is in decaauts)
 A = Elapsed time spent in this place.
 B = Non-inter-level travel time spent in this place.
 C = Inter-level travel time spent in this place.
 D = Time resting spent in this place.
 E = Time spent auto-exploring this place.
 F = Levels seen in this place.
 G = Mean time per level.
                   A        B        C        D        E       F      G
               +--------+--------+--------+--------+--------+-----+--------+
         Total |  21289 |  20461 |    828 |   1663 |  15886 |  16 | 1330.6 |
       Dungeon |  12286 |  11758 |    528 |   1339 |   8676 |  10 | 1228.6 |
          Lair |   8542 |   8242 |    300 |    206 |   7012 |   5 | 1708.4 |
        Bailey |    460 |    460 |      0 |    117 |    197 |   1 |  460.0 |
               +--------+--------+--------+--------+--------+-----+--------+

Top non-repeatable levels by time:
  Lair:3: 2664 daAuts
  Lair:2: 2193 daAuts
  Lair:4: 1841 daAuts
  Lair:1: 1719 daAuts
     D:7: 1719 daAuts
     D:9: 1565 daAuts
     D:8: 1372 daAuts
     D:1: 1304 daAuts
     D:3: 1234 daAuts
    D:10: 1165 daAuts
     D:4: 1118 daAuts
     D:2: 1065 daAuts
     D:5: 1057 daAuts
     D:6: 684 daAuts
  Bailey: 460 daAuts
